 Dungeon Crawl Stone Soup version 0.29.1-1-gd02db6906a (webtiles) character file.

Game seed: 6439346783049341319

8370 TDK the Fighter (level 11, -7/99 HPs)
             Began as a Demonspawn Abyssal Knight on Sept 15, 2022.
             Was an Elder of Lugonu.
             Mangled by Grum
             ... wielding a -1 glaive
              (14 damage)
             ... on level 11 of the Dungeon.
             The game lasted 01:20:36 (11431 turns).

TDK the Fighter (Demonspawn Abyssal Knight)        Turns: 11431, Time: 01:20:36

Health: -7/99      AC: 26    Str: 13    XL:     11   Next: 9%
Magic:  0/16       EV: 12    Int: 13    God:    Lugonu [****..]
Gold:   695        SH:  0    Dex: 17    Spells: 8/17 levels left

rFire   + . .      SeeInvis +   v - +0 broad axe (protect)
rCold   + + +      Faith    .   (no shield)
rNeg    . . .      Spirit   +   l - +7 Kryia's mail coat {PotionHeal*2 rC+, STr+6}
rPois   .          Reflect  .   (helmet unavailable)
rElec   .          Harm     .   h - scarf {rC+ rF+}
rCorr   .          Rampage  .   (no gloves)
Will    .....                   f - +2 pair of boots
Stlth   +.........              o - amulet of the acrobat
HPRegen 0.26/turn               d - ring of flight
MPRegen 0.30/turn               b - ring of protection from cold

@: marked, under a protective aura, flying, studying Fighting
A: antennae 3, rugged brown scales 2, ignite blood 1, magic shield, magic
regeneration
a: Renounce Religion, Depart the Abyss, Bend Space, Banish, Corrupt


You were on level 11 of the Dungeon.
You worshipped Lugonu.
Lugonu was greatly pleased with you.
You visited 2 branches of the dungeon, and saw 12 of its levels.
You visited the Abyss 1 time.

You collected 695 gold pieces.

Inventory:

Hand Weapons
 a - a +3 spectral hand axe
 c - a +6 short sword
 e - a +0 halberd of venom
 p - a +0 vampiric war axe
 v - a +0 broad axe of protection (weapon)
 x - a +3 scimitar
Missiles
 n - 17 poisoned darts (quivered)
 q - an atropa-tipped dart
Armour
 f - a +2 pair of boots (worn)
 h - a scarf of resistance (worn)
 j - a +1 robe of willpower
 l - the +7 Kryia's mail coat (worn) {PotionHeal*2 rC+, STr+6}
   (You found it on level 2 of the Dungeon)

   Potions are twice as effective at healing its wearer.
   rC:        It protects you from cold.
 u - the +4 ring mail of Bright Life {Str+4}
   (You found it on level 10 of the Dungeon)

   Str:       It affects your strength (+4).
 y - +2 acid dragon scales
 B - a +2 leather armour of cold resistance
Magical Staves
 t - a staff of death
Jewellery
 b - a ring of protection from cold (right hand)
 d - a ring of flight (left hand)
 m - an amulet of guardian spirit
 o - an amulet of the acrobat (around neck)
Wands
 D - a wand of roots (5)
Scrolls
 g - a scroll of fog
 w - 3 scrolls of identify
 z - a scroll of noise {unknown}
 A - a scroll of immolation
Potions
 i - 3 potions of resistance {unknown}
 k - a potion of magic {unknown}
 r - a potion of degeneration {unknown}
 s - a potion of mutation {unknown}
 C - a potion of flight {unknown}


   Skills:
 * Level 12.1 Fighting
 * Level 7.4 Axes
 + Level 3.3 Staves
 - Level 3.7 Throwing
 + Level 5.0 Armour
 * Level 7.8 Dodging
 - Level 3.2 Stealth
 - Level 3.5 Spellcasting
 - Level 2.9 Invocations


You had 8 spell levels left.
You knew the following spells:

 Your Spells              Type           Power      Damage    Failure   Level
a - Ensorcelled Hibernat  Hex/Ice        4%         N/A       80%         2
b - Spider Form           Tmut/Pois      2%         N/A       95%         3
c - Anguish               Hex/Necr       1%         N/A       100%        4

Your spell library contained the following spells:

 Spells                   Type           Power      Damage    Failure   Level


Dungeon Overview and Level Annotations

Branches:
Dungeon (11/15)            Temple (1/1) D:4             Orc (0/2) D:9
   Lair: D:8-11

Altars:
Ashenzari
Cheibriados
Dithmenos
Fedhas
Gozag
Kikubaaqudgha
Makhleb
Nemelex Xobeh
Okawaru
Qazlal
Ru
Sif Muna
Trog
Uskayaw
Vehumet
Wu Jian
Xom
Yredelemnul

Annotations:
D:8 2 transporters, Itachiuchiha's ghost, novice MiFi
D:10 Erica
D:11 Grum; Harold
Temple corrupted
Abyss:1 Gastronok


Innate Abilities, Weirdness & Mutations

You have a pair of large antennae on your head. (SInv)
You are mostly covered in rugged brown scales. (AC +2, +5% HP)
Your demonic aura sometimes causes spilled blood to erupt in flames.
When hurt, damage is shared between your health and your magic reserves.
You regenerate magic rapidly.


Message History

The wolf bites you but does no damage. x2; Grum closely misses you.
The shadow barely misses you.
Harold hits you from afar with a +0 halberd.
The wolf bites you but does no damage. The wolf closely misses you.
The wolf bites you but does no damage.
You continue putting on your amulet of the acrobat.
The wolf closely misses you. The wolf bites you. The wolf barely misses you.
Grum hits you from afar with a -1 glaive!!
The shadow hits you.
Harold hits you from afar with a +0 halberd.
The wolf bites you but does no damage.
You continue putting on your amulet of the acrobat.
The wolf misses you.
The wolf bites you but does no damage. x2
The wyvern barely misses you. Grum closely misses you. The shadow hits you.
Harold hits you from afar with a +0 halberd.
* * * LOW HITPOINT WARNING * * *
The wolf misses you. The wolf bites you.
* * * LOW HITPOINT WARNING * * *
The wolf misses you. The wyvern barely misses you.
You continue putting on your amulet of the acrobat.
The wolf bites you but does no damage. The wolf bites you.
* * * LOW HITPOINT WARNING * * *
The wolf closely misses you. Grum barely misses you. The shadow hits you.
Harold hits you from afar with a +0 halberd!
* * * LOW HITPOINT WARNING * * *
The wyvern bites you but does no damage.
The wolf barely misses you. The wolf bites you but does no damage.
You finish putting on your amulet of the acrobat.
You feel ready to tumble and roll out of harm's way.
o - an amulet of the acrobat (around neck)
You slash the wyvern!
Your weapon exudes an aura of protection.
The wyvern is severely wounded.
You slash the wolf! You barely miss the wolf. You slash the wolf!
You hit the shadow. The wolf barely misses you.
The wolf bites you but does no damage. The wyvern bites you.
* * * LOW HITPOINT WARNING * * *
The wolf bites you but does no damage.
Grum hits you from afar with a -1 glaive!
You die...

....####................
... #.....>.......... ..
#.........<...... ..
#............>...
..8#####.........#......
...........8.8.8.8.8....
....$........#####......
.......lh☼...# #.....§
.....@W@h(...# #....≈§
.......h.............§≈≈
.........g...........≈§§
....................§≈≈≈
.......≈≈≈............≈≈
......≈≈≈≈≈(............
......≈≈≈≈§.............
......≈≈≈≈§.............
.......


You could see Harold, Grum, a wyvern, a shadow and 3 wolves.

Vanquished Creatures
  A boulder beetle (D:10)
  2 two-headed ogres
  Maggie (D:7)
  A troll (D:11)
  4 yaks (D:8)
  A shadow (D:11)
  An acid dragon (D:10)
  2 water moccasins
  3 orc warriors
  2 black bears
  2 ice beasts
  5 ogres (D:5)
  5 phantoms
  2 centaurs
  A kobold brigand (D:8)
  A bullfrog (D:7)
  A necrophage (D:7)
  A scorpion (D:4)
  5 wights (D:9)
  2 troll zombies (D:9)
  A howler monkey (D:5)
  2 hounds (D:5)
  3 jellies
  3 orc priests
  2 gnoll boudas (D:8)
  3 iguanas
  3 orc wizards
  6 ogre zombies (D:9)
  Robin (D:2)
  10 gnolls
  A river rat (D:4)
  7 adders
  A shadow imp (D:7)
  3 worms
  3 dart slugs
  26 orcs
  10 endoplasms
  5 giant cockroaches
  8 hobgoblins
  3 jackals (D:2)
  15 kobolds
  3 quokkas
  6 ball pythons
  9 bats
  6 frilled lizards
  13 goblins
  4 goblin skeletons (D:9)
  3 goblin zombies (D:9)
  2 hobgoblin skeletons (D:9)
  A hobgoblin zombie (D:9)
  3 orc skeletons (D:9)
  12 orc zombies (D:9)
  9 rats
  A bush (D:9)
231 creatures vanquished.

Vanquished Creatures (others)
  5 plants (D:1)
5 creatures vanquished.

Grand Total: 236 creatures vanquished

Notes
Turn   | Place    | Note
-------+----------+-------------------------------------------
     0 | Abyss:1  | TDK the Demonspawn Abyssal Knight began the quest for the
                  | Orb.
     0 | Abyss:1  | Reached XP level 1. HP: 18/18 MP: 2/2
     5 | D:1      | Escaped the Abyss
    83 | D:1      | Reached skill level 1 in Dodging
   147 | D:1      | Gained mutation: Your demonic aura sometimes causes spilled
                  | blood to erupt in flames. [demonic ancestry]
   147 | D:1      | Reached XP level 2. HP: 14/24 MP: 2/4
   943 | D:1      | Gained mutation: You are partially covered in rugged brown
                  | scales. (AC +1, +3% HP) [demonic ancestry]
   943 | D:1      | Reached XP level 3. HP: 21/29 MP: 5/5
  1077 | D:1      | You are sucked into a shaft and drop 1 floor!
  1184 | D:2      | Reached *** piety under Lugonu
  1236 | D:2      | Found a faded altar of an unknown god.
  1239 | D:2      | Noticed Robin
  1252 | D:2      | Killed Robin
  1269 | D:2      | Reached skill level 1 in Stealth
  1778 | D:2      | Gained mutation: You regenerate magic rapidly. [demonic
                  | ancestry]
  1778 | D:2      | Reached XP level 4. HP: 36/36 MP: 6/6
  1942 | D:2      | Found the +7 Kryia's mail coat {PotionHeal*2 rC+}
  2287 | D:3      | Reached **** piety under Lugonu
  2288 | D:3      | Gained mutation: You are mostly covered in rugged brown
                  | scales. (AC +2, +5% HP) [demonic ancestry]
  2288 | D:3      | Reached XP level 5. HP: 35/44 MP: 2/7
  2592 | D:3      | Found a burning altar of Makhleb.
  2592 | D:3      | Noticed a blizzard demon
  2595 | D:3      | Noticed a smoke demon
  2595 | D:3      | Noticed an orange demon
  2918 | D:4      | Identified a scroll of acquirement
  2919 | D:4      | Acquired a manual of Fighting
  2965 | D:4      | Reached skill level 4 in Fighting
  2965 | D:4      | Reached skill level 1 in Throwing
  2999 | D:4      | Found a sparkling altar of Nemelex Xobeh.
  2999 | D:4      | Noticed a black bear
  3008 | D:4      | Killed a black bear
  3009 | D:4      | Reached skill level 1 in Spellcasting
  3009 | D:4      | Gained mutation: You have a pair of small antennae on your
                  | head. [demonic ancestry]
  3009 | D:4      | Reached XP level 6. HP: 41/51 MP: 8/8
  3433 | D:4      | Noticed an ice beast
  3829 | D:4      | Banished an ice beast
  3830 | D:4      | Reached skill level 5 in Fighting
  3830 | D:4      | Gained mutation: When hurt, damage is shared between your
                  | health and your magic reserves. [demonic ancestry]
  3830 | D:4      | Reached XP level 7. HP: 33/58 MP: 4/10
  4251 | D:4      | Found a staircase to the Ecumenical Temple.
  4403 | Temple   | Entered the Ecumenical Temple
  4426 | Temple   | Corrupted Temple
  4426 | Temple   | Noticed a hellwing
  4426 | Temple   | Noticed a smoke demon
  4426 | Temple   | Noticed a ynoxinul
  4426 | Temple   | Noticed a rakshasa
  4426 | Temple   | Noticed a large abomination
  4426 | Temple   | Noticed a small abomination
  4426 | Temple   | Noticed a chaos spawn
  4426 | Temple   | Noticed a smoke demon
  4426 | Temple   | Noticed a raiju
  4426 | Temple   | Noticed a sixfirhy
  4426 | Temple   | Noticed a ynoxinul
  4427 | Temple   | Noticed a raiju
  4427 | Temple   | Noticed a ynoxinul
  4427 | Temple   | Noticed a thrashing horror
  4427 | Temple   | Noticed a large abomination
  4429 | Temple   | Noticed a neqoxec
  4443 | Temple   | Noticed a tentacled starspawn
  4449 | Temple   | Noticed a flayed ghost
  4453 | Temple   | Noticed an apocalypse crab
  4457 | Temple   | Noticed a ynoxinul
  4615 | D:5      | Entered Level 5 of the Dungeon
  4796 | D:5      | Reached skill level 6 in Fighting
  5027 | D:5      | Reached XP level 8. HP: 67/67 MP: 10/12
  5730 | D:5      | Reached skill level 7 in Fighting
  5794 | D:6      | Found a broken altar of Ashenzari.
  6178 | D:7      | Reached skill level 8 in Fighting
  6178 | D:7      | Reached XP level 9. HP: 77/77 MP: 14/14
  6180 | D:7      | Reached skill level 5 in Dodging
  6361 | D:7      | Found a blossoming altar of Fedhas.
  6390 | D:7      | You are sucked into a shaft and drop 2 floors!
  6608 | D:7      | Noticed Maggie
  6637 | D:7      | Killed Maggie
  6638 | D:7      | Reached skill level 9 in Fighting
  6638 | D:7      | Reached skill level 5 in Axes
  7014 | D:8      | Paralysed by a hornet for 2 turns
  7436 | D:8      | Noticed a catoblepas
  7437 | D:8      | Found a transporter.
  7438 | D:8      | Noticed a deep elf pyromancer
  7439 | D:8      | Noticed Itachiuchiha's ghost (novice MiFi)
  7454 | D:8      | Found a transporter.
  7705 | D:8      | Reached skill level 1 in Staves
  7716 | D:8      | Reached skill level 10 in Fighting
  7718 | D:8      | Gained mutation: You have a pair of antennae on your head.
                  | [demonic ancestry]
  7718 | D:8      | Reached XP level 10. HP: 75/89 MP: 10/15
  8913 | D:8      | Learned a level 2 spell: Ensorcelled Hibernation
  8917 | D:8      | Learned a level 3 spell: Spider Form
  8922 | D:8      | Learned a level 4 spell: Anguish
  9036 | D:9      | Found a staircase to the Orcish Mines.
  9476 | D:9      | Found a basalt altar of Yredelemnul.
  9476 | D:9      | Found an opulent altar of Gozag.
  9680 | D:9      | Noticed a two-headed ogre
  9686 | D:9      | Killed a two-headed ogre
  9875 | D:10     | Entered Level 10 of the Dungeon
  9875 | D:10     | Found an ornate altar of the Wu Jian Council.
  9882 | D:10     | Identified the +4 ring mail of Bright Life {Str+4}
  9919 | D:10     | Noticed Gastronok
  9945 | D:10     | Banished Gastronok
  9946 | D:10     | Reached skill level 11 in Fighting
 10372 | D:10     | Noticed a boulder beetle
 10375 | D:10     | Noticed a two-headed ogre
 10382 | D:10     | Killed a two-headed ogre
 10423 | D:10     | Killed a boulder beetle
 10424 | D:10     | Reached skill level 5 in Armour
 10424 | D:10     | Gained mutation: You have a pair of large antennae on your
                  | head. (SInv) [demonic ancestry]
 10424 | D:10     | Reached XP level 11. HP: 48/99 MP: 16/16
 10457 | D:10     | Noticed Erica
 10890 | D:10     | Reached skill level 12 in Fighting
 11418 | D:11     | Noticed Harold
 11420 | D:11     | Noticed Grum
 11431 | D:11     | Mangled by Grum

Illustrated notes

Levels and vault maps discovered:
D:1:      lightli_arrival_isolated_outpost, layout_rooms, minmay_lizard_king
D:2:      layout_loops_ring, nicolae_ecumenical_oubliette, uniq_robin
D:3:      layout_rooms, makhleb_altar_promises_db
D:4:      layout_basic, lemuel_round_altar, minmay_temple_entry_statues,
          portal_sewer_entry_e
D:5:      layout_basic
D:6:      layout_cave_pods, kennysheep_mini, cheibrodos_ashenzari_chains
D:7:      layout_basic, mainiacjoe_overflow_catwalk, uniq_maggie
D:8:      layout_layer_cave, gammafunk_ghost_arena
D:9:      layout_basic, gammafunk_temple_overflow_wave, zombieorc2_lemuel
D:10:     layout_roguey, mainiacjoe_overflow_alcove_1, uniq_gastronok,
          uniq_erica
D:11:     layout_big_octagon, serial_column_ruins, column_ruins_pillar_12,
          column_ruins_pillar_4, column_ruins_pillar_7, column_ruins_pillar_2,
          column_ruins_pillar_1, column_ruins_pillar_8, column_ruins_pillar_2,
          column_ruins_pillar_2, column_ruins_pillar_4, column_ruins_pillar_6,
          column_ruins_pillar_3, column_ruins_pillar_5, column_ruins_pillar_1,
          column_ruins_pillar_7, minmay_lindwurm_lava, uniq_harold, uniq_urug,
          uniq_grum
Temple:   nicolae_temple_ecumenical_triangle

Skill      XL: |  1  2  3  4  5  6  7  8  9 10 11 |
---------------+----------------------------------+-----
Dodging        | 1 2 3 4 6 7 |  7.8
Axes           | 2 3 4 5 7 |  7.4
Armour         | 2 3 4 5 |  5.0
Stealth        | 1 2 3 |  3.2
Fighting       | 4 5 6 8 10 11 12 | 12.1
Throwing       | 1 2 3 |  3.7
Spellcasting   | 1 2 3 |  3.5
Staves         | 1 3 |  3.3
Invocations    | |  2.9

Action                   |  1- 3 |  4- 6 |  7- 9 | 10-12 || total
-------------------------+-------+-------+-------+-------++-------
Melee: Hand axe          |   121 |   132 |   158 |       ||   411
       Punch             |     1 |       |     5 |     5 ||    11
       Dagger            |       |    33 |       |       ||    33
       War axe           |       |       |   103 |   147 ||   250
       Broad axe         |       |       |       |   122 ||   122
Throw: Stone             |    24 |     1 |       |       ||    25
       Dart              |     5 |    49 |     5 |       ||    59
Invok: Bend Space        |     1 |       |       |       ||     1
       Banish            |       |     2 |     5 |     3 ||    10
       Corrupt           |       |       |     1 |       ||     1
Evoke: Wand              |       |       |       |    10 ||    10
  Use: Scroll            |     6 |     5 |    11 |    11 ||    33
       Potion            |     4 |     4 |     5 |     1 ||    14
 Stab: Invisible         |       |     1 |       |       ||     1
       Sleeping          |       |     1 |     4 |       ||     5
       Distracted        |       |     1 |     1 |       ||     2
       Paralysed         |       |       |       |     4 ||     4
Armor: Leather armour    |    16 |       |       |       ||    16
       Robe              |    31 |    90 |    37 |       ||   158
       Scale mail        |       |       |    64 |   107 ||   171
       Acid dragon scale |       |       |    23 |       ||    23
       Ring mail         |       |       |       |    38 ||    38
Dodge: Dodged            |    85 |   141 |   243 |   193 ||   662
